| TOP OF THE 1ST |
|
Indianapolis Indians batting - Pitching for Las Vegas 51s : RHP Ryan Hemmerich
|
|
Pitching: RHP Ryan Hemmerich
|
|
|
Batting: LHB Jorge Quintana
|
0-0: Ball 1-0: Foul Ball, location: 2F 1-1: Ground out 4-3 (Groundball, 4, EV 82.5 MPH)
|
|
Batting: RHB David Contreras
|
0-0: Fly out, F4 (Popup, 34S, EV 77.5 MPH)
|
|
Batting: SHB Louie Horne
|
0-0: Ball 1-0: Ground out 1-3 (Groundball, 15S, EV 70.0 MPH)
|
| Top of the 1st over - 0 runs, 0 hits, 0 errors, 0 left on base; Indianapolis 0 - Las Vegas 0 |
| BOTTOM OF THE 1ST |
|
Las Vegas 51s batting - Pitching for Indianapolis Indians : LHP Martin Garcia
|
|
Pitching: LHP Martin Garcia
|
|
|
Batting: SHB Billy Encinias
|
0-0: Ball 1-0: Fly out, F4 (Flyball, 34D, EV 91.3 MPH)
|
|
Batting: RHB Jordan Martin
|
0-0: Ball 1-0: Foul Ball, location: 2F 1-1: SINGLE (Groundball, 6D, EV 98.1 MPH)
|
|
Batting: SHB Roberto Magne
|
0-0: Called Strike Jordan Martin steals 2nd base (no throw) 0-1: Ball 1-1: Swinging Strike 1-2: Ball 2-2: Ball Wild Pitch! Jordan Martin to third 3-2: Ground out 6-3 (Groundball, 6, EV 100.6 MPH) Jordan Martin scores
|
|
Batting: SHB Josh Schultze
|
0-0: Called Strike 0-1: Ball 1-1: Foul Ball, location: 2F 1-2: Foul Ball, location: 2F 1-2: Ball 2-2: Ground out 5-3 (Groundball, 56, EV 81.3 MPH)
|
| Bottom of the 1st over - 1 run, 1 hit, 0 errors, 0 left on base; Indianapolis 0 - Las Vegas 1 |
| TOP OF THE 2ND |
|
Indianapolis Indians batting - Pitching for Las Vegas 51s : RHP Ryan Hemmerich
|
|
Batting: LHB Pat Sutton
|
0-0: Called Strike 0-1: Ground out 6-3 (Groundball, 6S, EV 85.0 MPH)
|
|
Batting: RHB Bubba Tierney
|
0-0: Ball 1-0: Foul Ball, location: 2F 1-1: Called Strike 1-2: Foul Ball, location: 2F 1-2: Ground out 5-3 (Groundball, 56, EV 96.3 MPH)
|
|
Batting: RHB Chris McCoy
|
0-0: Called Strike 0-1: SINGLE (Groundball, 6MD, EV 112.5 MPH)
|
|
Batting: RHB Kirk Seiffert
|
0-0: Ball 1-0: Fielders Choice at 2nd, 6-4 (Groundball, 6, EV 85.0 MPH)
|
| Top of the 2nd over - 0 runs, 1 hit, 0 errors, 1 left on base; Indianapolis 0 - Las Vegas 1 |
| BOTTOM OF THE 2ND |
|
Las Vegas 51s batting - Pitching for Indianapolis Indians : LHP Martin Garcia
|
|
Batting: RHB Masaya Nakamura
|
0-0: Ball 1-0: Ball 2-0: SINGLE (Line Drive, 6D, EV 93.8 MPH)
|
|
Batting: RHB Bob Montesano
|
0-0: Foul Ball, location: 2F 0-1: Called Strike 0-2: Ball 1-2: SINGLE (Flyball, 7LS, EV 96.9 MPH) Masaya Nakamura to second
|
|
Batting: LHB Sal Fernandez
|
0-0: Called Strike 0-1: Ball 1-1: Grounds into double play, 4-6-3 (Groundball, 4, EV 104.4 MPH) Masaya Nakamura to third
|
|
Batting: RHB Mike Titus
|
0-0: Ball 1-0: Ball 2-0: Ball 3-0: Base on Balls
|
|
Batting: LHB Marc Durgin
|
0-0: Called Strike 0-1: Ball 1-1: Foul Ball, location: 2F 1-2: Foul Ball, location: 2F 1-2: Foul Ball, location: 2F 1-2: Strikes out swinging
|
| Bottom of the 2nd over - 0 runs, 2 hits, 0 errors, 2 left on base; Indianapolis 0 - Las Vegas 1 |
| TOP OF THE 3RD |
|
Indianapolis Indians batting - Pitching for Las Vegas 51s : RHP Ryan Hemmerich
|
|
Batting: RHB Danny Gallegos
|
0-0: Foul Ball, location: 2F 0-1: Ball 1-1: Fly out, F4 (Popup, 34S, EV 75.6 MPH)
|
|
Batting: RHB Jorge Cruz
|
0-0: Ball 1-0: Ball 2-0: Ball 3-0: Called Strike 3-1: Foul Ball, location: 2F 3-2: Foul Ball, location: 2F 3-2: Base on Balls
|
|
Batting: LHB Jorge Quintana
|
0-0: Called Strike 0-1: Ball 1-1: Foul Ball, location: 2F 1-2: SINGLE (Groundball, 4, EV 99.4 MPH) Jorge Cruz to second
|
|
Batting: RHB David Contreras
|
0-0: TRIPLE (Line Drive, 89XD, EV 98.8 MPH) Jorge Cruz scores Jorge Quintana scores
|
|
Batting: SHB Louie Horne
|
0-0: Called Strike 0-1: Ball 1-1: SINGLE (Line Drive, 8RS, EV 104.4 MPH) David Contreras scores
|
|
Batting: LHB Pat Sutton
|
0-0: Ball 1-0: Ball 2-0: DOUBLE (Line Drive, 3D, EV 98.1 MPH) Louie Horne to third
|
|
Batting: RHB Bubba Tierney
|
0-0: Ball 1-0: Ground out U3 (Groundball, 34, EV 83.8 MPH) Louie Horne scores Pat Sutton to third
|
|
Batting: RHB Chris McCoy
|
0-0: Called Strike 0-1: Ground out 6-3 (Groundball, 6, EV 108.8 MPH)
|
| Top of the 3rd over - 4 runs, 4 hits, 0 errors, 1 left on base; Indianapolis 4 - Las Vegas 1 |
| BOTTOM OF THE 3RD |
|
Las Vegas 51s batting - Pitching for Indianapolis Indians : LHP Martin Garcia
|
|
Batting: SHB Billy Encinias
|
0-0: SINGLE (Line Drive, 34, EV 98.8 MPH)
|
|
Batting: RHB Jordan Martin
|
0-0: Called Strike 0-1: Ball 1-1: Ball 2-1: Ball Billy Encinias steals 2nd base 3-1: Called Strike 3-2: Foul Ball, location: 2F 3-2: Foul Ball, location: 2F 3-2: SINGLE (Flyball, 5D, EV 83.8 MPH) Billy Encinias to third
|
|
Batting: SHB Roberto Magne
|
0-0: Grounds into double play, 4-6-3 (Groundball, 4, EV 106.3 MPH) Billy Encinias scores
|
|
Batting: SHB Josh Schultze
|
0-0: Foul Ball, location: 2F 0-1: Ball 1-1: Ball 2-1: Foul Ball, location: 2F 2-2: Ground out 6-3 (Groundball, 6M, EV 84.4 MPH)
|
| Bottom of the 3rd over - 1 run, 2 hits, 0 errors, 0 left on base; Indianapolis 4 - Las Vegas 2 |
| TOP OF THE 4TH |
|
Indianapolis Indians batting - Pitching for Las Vegas 51s : RHP Ryan Hemmerich
|
|
Batting: RHB Kirk Seiffert
|
0-0: Ball 1-0: Ground out 1-3 (Groundball, P, EV 68.8 MPH)
|
|
Batting: RHB Danny Gallegos
|
0-0: Called Strike 0-1: Ball 1-1: Swinging Strike 1-2: Ball 2-2: Ball 3-2: Strikes out swinging
|
|
Batting: RHB Jorge Cruz
|
0-0: Ball 1-0: Ball 2-0: Ball 3-0: Called Strike 3-1: Foul Ball, location: 2F 3-2: Foul Ball, location: 2F 3-2: SINGLE (Groundball, 56D, EV 106.3 MPH)
|
|
Batting: LHB Jorge Quintana
|
0-0: Ball 1-0: SINGLE (Groundball, 4MD, EV 98.8 MPH) Jorge Cruz to second
|
|
Batting: RHB David Contreras
|
0-0: Ball 1-0: Swinging Strike 1-1: Fielders Choice at 2nd, 5-4 (Groundball, 56, EV 76.9 MPH)
|
| Top of the 4th over - 0 runs, 2 hits, 0 errors, 2 left on base; Indianapolis 4 - Las Vegas 2 |
| BOTTOM OF THE 4TH |
|
Las Vegas 51s batting - Pitching for Indianapolis Indians : LHP Martin Garcia
|
|
Batting: RHB Masaya Nakamura
|
0-0: Ball 1-0: Ball 2-0: Ball 3-0: Called Strike 3-1: Ground out 6-3 (Groundball, 6, EV 103.8 MPH)
|
|
Batting: RHB Bob Montesano
|
0-0: Ground out 6-3 (Groundball, 6, EV 106.3 MPH)
|
|
Batting: LHB Sal Fernandez
|
0-0: Ball 1-0: Foul Ball, location: 2F 1-1: Ball 2-1: Bunted foul 2-2: Foul Ball, location: 2F 2-2: Strikes out swinging
|
| Bottom of the 4th over - 0 runs, 0 hits, 0 errors, 0 left on base; Indianapolis 4 - Las Vegas 2 |
| TOP OF THE 5TH |
|
Indianapolis Indians batting - Pitching for Las Vegas 51s : RHP Ryan Hemmerich
|
|
Batting: SHB Louie Horne
|
0-0: Ball 1-0: Ball 2-0: Called Strike 2-1: Fly out, F8 (Flyball, 8LD, EV 100.6 MPH)
|
|
Batting: LHB Pat Sutton
|
0-0: Ball 1-0: Foul Ball, location: 2F 1-1: Foul Ball, location: 2F 1-2: Ball 2-2: Strikes out looking
|
|
Batting: RHB Bubba Tierney
|
0-0: Ball 1-0: Ball 2-0: Foul Ball, location: 2F 2-1: Called Strike 2-2: Foul Ball, location: 2F 2-2: Fly out, F9 (Flyball, 9, EV 80.6 MPH)
|
| Top of the 5th over - 0 runs, 0 hits, 0 errors, 0 left on base; Indianapolis 4 - Las Vegas 2 |
| BOTTOM OF THE 5TH |
|
Las Vegas 51s batting - Pitching for Indianapolis Indians : LHP Martin Garcia
|
|
Batting: RHB Mike Titus
|
0-0: Ball 1-0: Ball 2-0: DOUBLE (Line Drive, 8RD, EV 110.6 MPH)
|
|
Batting: LHB Marc Durgin
|
0-0: Ball 1-0: Foul Ball, location: 2F 1-1: Swinging Strike 1-2: Foul Ball, location: 2F 1-2: Strikes out swinging
|
|
Batting: SHB Billy Encinias
|
0-0: Ball 1-0: Foul Ball, location: 2F 1-1: Swinging Strike 1-2: Foul Ball, location: 2F 1-2: Foul Ball, location: 2F 1-2: Strikes out looking
|
|
Batting: RHB Jordan Martin
|
0-0: Ground out 4-3 (Groundball, 4, EV 82.5 MPH)
|
| Bottom of the 5th over - 0 runs, 1 hit, 0 errors, 1 left on base; Indianapolis 4 - Las Vegas 2 |
| TOP OF THE 6TH |
|
Indianapolis Indians batting - Pitching for Las Vegas 51s : RHP Ryan Hemmerich
|
|
Batting: RHB Chris McCoy
|
0-0: Ball 1-0: Ball 2-0: Ball 3-0: Called Strike 3-1: DOUBLE (Groundball, 5L, EV 106.9 MPH)
|
|
Batting: RHB Kirk Seiffert
|
0-0: Called Strike 0-1: Foul Ball, location: 2F 0-2: Ball 1-2: Ground out 3-1 (Groundball, 34, EV 99.4 MPH) Chris McCoy to third
|
|
Batting: RHB Danny Gallegos
|
0-0: Called Strike 0-1: Called Strike 0-2: Strikes out swinging
|
|
Batting: RHB Jorge Cruz
|
0-0: Called Strike 0-1: Ball 1-1: Foul Ball, location: 2F 1-2: Ground out 6-3 (Groundball, 6S, EV 87.5 MPH)
|
| Top of the 6th over - 0 runs, 1 hit, 0 errors, 1 left on base; Indianapolis 4 - Las Vegas 2 |
| BOTTOM OF THE 6TH |
|
Las Vegas 51s batting - Pitching for Indianapolis Indians : LHP Martin Garcia
|
|
Batting: SHB Roberto Magne
|
0-0: Called Strike 0-1: Called Strike 0-2: Ground out 4-3 (Groundball, 4S, EV 61.3 MPH)
|
|
Batting: SHB Josh Schultze
|
0-0: Called Strike 0-1: Foul Ball, location: 2F 0-2: Hit by Pitch
|
|
Pitching: RHP Mario Medrano
|
|
|
Batting: RHB Masaya Nakamura
|
0-0: Ball 1-0: Called Strike 1-1: Fly out, F8 (Flyball, 8LD, EV 105.0 MPH)
|
|
Batting: RHB Bob Montesano
|
0-0: Ground out 5-3 (Groundball, 5S, EV 86.9 MPH)
|
| Bottom of the 6th over - 0 runs, 0 hits, 0 errors, 1 left on base; Indianapolis 4 - Las Vegas 2 |
| TOP OF THE 7TH |
|
Indianapolis Indians batting - Pitching for Las Vegas 51s : RHP Ryan Hemmerich
|
|
Batting: LHB Jorge Quintana
|
0-0: Swinging Strike 0-1: Ball 1-1: Foul Ball, location: 2F 1-2: SINGLE (Line Drive, 6MD, EV 109.4 MPH)
|
|
Batting: RHB David Contreras
|
0-0: Called Strike 0-1: Bunted foul 0-2: Ball 1-2: Foul Ball, location: 2F 1-2: Ball 2-2: SINGLE (Line Drive, 89S, EV 106.3 MPH) Jorge Quintana to second
|
|
Pitching: LHP Brad Harris
|
|
|
Batting: SHB Louie Horne
|
0-0: Called Strike 0-1: Ball 1-1: Called Strike 1-2: Strikes out looking
|
|
Batting: LHB Pat Sutton
|
0-0: Ball Jorge Quintana steals 3rd base David Contreras to second 1-0: Foul Ball, location: 2F 1-1: Fly out, F8 (Flyball, 8LXD, EV 101.9 MPH) Runner from 3rd tags up, SCORES, no throw by CF
|
|
Batting: RHB Bubba Tierney
|
0-0: Called Strike 0-1: Called Strike 0-2: Ball 1-2: Ball 2-2: Ball 3-2: Foul Ball, location: 2F 3-2: Foul Ball, location: 2F 3-2: Strikes out swinging
|
| Top of the 7th over - 1 run, 2 hits, 0 errors, 1 left on base; Indianapolis 5 - Las Vegas 2 |
| BOTTOM OF THE 7TH |
|
Las Vegas 51s batting - Pitching for Indianapolis Indians : RHP Mario Medrano
|
|
Batting: LHB Sal Fernandez
|
0-0: Ball 1-0: Fly out, F7 (Flyball, 7LM, EV 88.1 MPH)
|
|
Batting: RHB Mike Titus
|
0-0: Ball 1-0: Ground out 6-3 (Groundball, 6, EV 103.1 MPH)
|
|
Batting: LHB Marc Durgin
|
0-0: Called Strike 0-1: Swinging Strike 0-2: Ball 1-2: Foul Ball, location: 2F 1-2: Strikes out swinging
|
| Bottom of the 7th over - 0 runs, 0 hits, 0 errors, 0 left on base; Indianapolis 5 - Las Vegas 2 |
| TOP OF THE 8TH |
|
Indianapolis Indians batting - Pitching for Las Vegas 51s : LHP Brad Harris
|
|
Batting: RHB Chris McCoy
|
0-0: Foul Ball, location: 2F 0-1: Ground out U3 (Groundball, 34S, EV 88.1 MPH)
|
|
Batting: RHB Kirk Seiffert
|
0-0: Ball 1-0: Ball 2-0: Ball 3-0: Base on Balls
|
|
Batting: RHB Danny Gallegos
|
0-0: Called Strike 0-1: Ball 1-1: SINGLE (Line Drive, 78M, EV 87.5 MPH) Kirk Seiffert to second
|
|
Batting: RHB Jorge Cruz
|
0-0: Ball 1-0: Called Strike 1-1: Ball 2-1: Fly out, F2 (Popup, 23F, EV 85.0 MPH)
|
|
Batting: LHB Jorge Quintana
|
0-0: Called Strike 0-1: Called Strike 0-2: Ball 1-2: Ground out U3 (Groundball, 3, EV 104.4 MPH)
|
| Top of the 8th over - 0 runs, 1 hit, 0 errors, 2 left on base; Indianapolis 5 - Las Vegas 2 |
| BOTTOM OF THE 8TH |
|
Las Vegas 51s batting - Pitching for Indianapolis Indians : RHP Mario Medrano
|
|
Batting: SHB Billy Encinias
|
0-0: Ball 1-0: Foul Ball, location: 2F 1-1: Foul Ball, location: 2F 1-2: Strikes out looking
|
|
Batting: RHB Jordan Martin
|
0-0: Ball 1-0: Ball 2-0: Ball 3-0: Called Strike 3-1: Called Strike 3-2: Base on Balls
|
|
Batting: SHB Roberto Magne
|
0-0: Ball 1-0: Ball 2-0: Called Strike 2-1: Ball 3-1: Called Strike 3-2: Fly out, F9 (Flyball, 89M, EV 96.9 MPH)
|
|
Batting: SHB Josh Schultze
|
0-0: Ball 1-0: Swinging Strike 1-1: Foul Ball, location: 2F 1-2: Ball 2-2: Foul Ball, location: 2F 2-2: Ball 3-2: Base on Balls Jordan Martin to second
|
|
Batting: RHB Masaya Nakamura
|
0-0: Ball 1-0: Ball 2-0: Swinging Strike 2-1: Foul Ball, location: 2F 2-2: Foul Ball, location: 2F 2-2: Ball 3-2: Strikes out swinging
|
| Bottom of the 8th over - 0 runs, 0 hits, 0 errors, 2 left on base; Indianapolis 5 - Las Vegas 2 |
| TOP OF THE 9TH |
|
Indianapolis Indians batting - Pitching for Las Vegas 51s : LHP Brad Harris
|
|
Pitching: RHP Paul Schaecher
|
|
|
Batting: RHB David Contreras
|
0-0: Ball 1-0: Ball 2-0: Foul Ball, location: 2F 2-1: Called Strike 2-2: Ball 3-2: Strikes out swinging, 2-3 out at first.
|
|
Batting: SHB Louie Horne
|
0-0: Ball 1-0: Fly out, F7 (Line Drive, 7, EV 89.4 MPH)
|
|
Batting: LHB Pat Sutton
|
0-0: Ball 1-0: Called Strike 1-1: Ball 2-1: Swinging Strike 2-2: Fly out, F5 (Line Drive, 5, EV 62.5 MPH)
|
| Top of the 9th over - 0 runs, 0 hits, 0 errors, 0 left on base; Indianapolis 5 - Las Vegas 2 |
| BOTTOM OF THE 9TH |
|
Las Vegas 51s batting - Pitching for Indianapolis Indians : RHP Mario Medrano
|
|
Pitching: LHP Jason Salzer
|
|
|
Now in LF: Caleb Russell
|
|
|
Batting: RHB Bob Montesano
|
0-0: SINGLE (Groundball, 56D, EV 102.5 MPH)
|
|
Batting: LHB Sal Fernandez
|
0-0: Fly out, F8 (Flyball, 8RM, EV 79.4 MPH)
|
|
Batting: RHB Mike Titus
|
0-0: Ball 1-0: Foul Ball, location: 2F 1-1: Grounds into double play, 5-4-3 (Groundball, 5S, EV 85.0 MPH)
|
| Bottom of the 9th over - 0 runs, 1 hit, 0 errors, 0 left on base; Indianapolis 5 - Las Vegas 2 |
|